 Dungeon Crawl Stone Soup version 0.31.0-7-gf635a9b802 (webtiles) character file.

Game seed: 18314317524057178422

321 ProzacElf the Chopper (level 6, -3/51 HPs)
             Began as a Hill Orc Monk on Jan 23, 2024.
             Slain by Ijyb
             ... wielding a +2 dagger of venom
              (5 damage)
             ... on level 3 of the Dungeon.
             The game lasted 00:02:25 (1828 turns).

ProzacElf the Chopper (Hill Orc Monk)               Turns: 1828, Time: 00:02:25

Health: -3/51      AC:  0    Str: 16    XL:     6   Next: 46%
Magic:  6/6        EV: 15    Int: 10    God:
Gold:   188        SH:  0    Dex: 13    Spells: 5/5 levels left

rFire   . . .        a - melded +0 hand axe
rCold   . . .        d - melded orb {light}
rNeg    . . .        g - melded +0 scale mail
rPois   .            (helmet currently unavailable)
rElec   .            (cloak currently unavailable)
rCorr   .            (gloves currently unavailable)
SInv    .            (boots currently unavailable)
Will    .....        (no amulet)
Stlth   +            h - melded +6 ring of dexterity
HPRegen 0.28/turn    p - melded ring of see invisible
MPRegen 0.10/turn

%: no passive effects
@: lethally poisoned (-3 -> -14), pig-form, very quick
A: fast, no casting, small
a: no special abilities


You were on level 3 of the Dungeon.
You were a filthy swine.
You visited 1 branch of the dungeon, and saw 3 of its levels.

You collected 188 gold pieces.

Inventory:

Hand Weapons
 a - a +0 hand axe (melded)
Missiles
 e - 9 poisoned darts (quivered)
Armour
 b - a +0 robe
 d - an orb of light (melded)
 f - a +0 leather armour
 g - a +0 scale mail (melded)
Jewellery
 h - a +6 ring of dexterity (melded)
 k - a ring of fire
 p - a ring of see invisible (melded)
Wands
 m - a wand of flame (10)
Scrolls
 i - 2 scrolls of identify {unknown}
 o - a scroll of enchant armour {unknown}
Potions
 c - a potion of ambrosia {!e}
 l - a potion of attraction {unknown}
 n - a potion of degeneration {unknown}


   Skills:
 - Level 3.6 Fighting
 + Level 7.1 Axes
 + Level 4.4 Dodging


You had 5 spell levels left.
You didn't know any spells.
Your spell library was empty.

Dungeon Overview and Level Annotations

Branches:
Dungeon (3/15)

Altars:

Shops:
D:1 =

Annotations:
D:3 Ijyb


Message History

Yer +0 scale mail melds inta yer body.
Yer +6 rin' o' dexterity melds inta yer body.
Yer rin' o' see invisible melds inta yer body.
Ye feel clumsy.
Ye take 3 damage, an' haf 33/51 hp.
Ye hit Ijyb.
Ijyb be heavily wounded.
Ye feel sick.
Ijyb hits ye wit' a +2 dagger o' venom.
Ye be more poison'd.
Ye take 6 damage, an' haf 27/51 hp.
Ye hit Ijyb.
Ijyb be heavily wounded.
Ye feel very sick.
Ijyb hits ye wit' a +2 dagger o' venom.
Ye take 8 damage, an' haf 19/51 hp.
Ye be too injured ta fight recklessly!
Ye hit Ijyb.
Ijyb be severely wounded.
Ye feel very sick.
Ijyb closely misses ye.
Ye take 3 damage, an' haf 16/51 hp.
Ye closely miss Ijyb.
Ijyb be severely wounded.
Ye feel very sick.
Ijyb screams, "I cut yer head off!"
Ijyb hits ye wit' a +2 dagger o' venom.
* * * LOW HITPOINT WARNIN'
* * * Ye be more poison'd.
Ye take 8 damage, an' haf 8/51 hp.
Ye hit Ijyb.
Ijyb be severely wounded.
* * * LOW HITPOINT WARNIN'
* * * Ye feel very sick.
Ijyb closely misses ye.
Ye take 3 damage, an' haf 5/51 hp.
It was a potion o' lignification.
Ye feel woody fer a momn't.
* * * LOW HITPOINT WARNIN'
* * * Ye feel very sick.
Ijyb hits ye wit' a +2 dagger o' venom.
Ye die...

..####...###.#
+..........#
#.....###### #.#...#
###.#...# #...#...#
####.###..!# ####....#
#...#######
###....######..h.......
#..........##..g.......
#..........##..........
##..........##..........
............##.$........
##############....!.....
# ###########


You could see Ijyb.

Vanquished Creatures
  Sigmund (D:3)
  Terence (D:3)
  Jessica (D:2)
  Natasha (twice) (D:2)
  4 adders (D:2)
  A dart slug (D:1)
  2 bats
  A giant cockroach (D:1)
  5 goblins
  3 hobgoblins
  2 ball pythons (D:1)
  2 kobolds (D:2)
  5 rats
30 creatures vanquished.

Notes
Turn   | Place    | Note
-------+----------+-------------------------------------------
     0 | D:1      | ProzacElf the Hill Orc Monk began the quest for the Orb.
     0 | D:1      | Reached XP level 1. HP: 19/19 MP: 1/1
    64 | D:1      | Found Juyleb's Jewellery Shoppe.
   195 | D:1      | Reached XP level 2. HP: 26/26 MP: 2/2
   636 | D:2      | Noticed Natasha
   642 | D:2      | Killed Natasha
   643 | D:2      | Reached skill level 5 in Axes
   643 | D:2      | Reached XP level 3. HP: 31/31 MP: 3/3
   773 | D:2      | Reached XP level 4. HP: 37/39 MP: 4/4
   863 | D:2      | Noticed Jessica
   868 | D:2      | Killed Jessica
  1344 | D:2      | Noticed Natasha
  1355 | D:2      | Killed Natasha
  1356 | D:2      | Reached skill level 6 in Axes
  1356 | D:2      | Reached XP level 5. HP: 33/45 MP: 5/5
  1573 | D:3      | Noticed Terence
  1583 | D:3      | Killed Terence
  1661 | D:3      | Noticed Sigmund
  1680 | D:3      | Killed Sigmund
  1681 | D:3      | Reached skill level 7 in Axes
  1681 | D:3      | Reached XP level 6. HP: 35/51 MP: 6/6
  1810 | D:3      | Noticed Ijyb
  1828 | D:3      | HP: 2/51 [poisoned by Ijyb]
  1828 | D:3      | Slain by Ijyb

Illustrated notes

Levels and vault maps discovered:
D:1:      mainiacjoe_arrival_oval_in_oval, layout_loops_cross, serial_shops,
          shop
D:2:      layout_basic, minivault_14, uniq_natasha, uniq_jessica
D:3:      kennysheep_six_static_rooms, layout_basic, uniq_terence, uniq_sigmund,
          uniq_ijyb

Skill      XL: |  1  2  3  4  5 |
---------------+----------------+-----
Axes           | 5 6 7 |  7.1
Dodging        | 3 4 |  4.4
Fighting       | |  3.6

Action                     |  1- 3 |  4- 6 || total
---------------------------+-------+-------++-------
  Melee: Hand axe          |    55 |    69 ||   124
         Unarmed           |       |     5 ||     5
  Throw: Dart              |       |     5 ||     5
    Use: Potion            |       |     1 ||     1
 Armour: Robe              |     5 |       ||     5
         Scale mail        |    20 |    40 ||    60
         Skin              |       |     4 ||     4
  Dodge: Dodged            |    27 |    42 ||    69

Action                     |  1- 3 |  4- 6 || total
---------------------------+-------+-------++-------
  Melee: Hand axe          |    55 |    69 ||   124
         Unarmed           |       |     5 ||     5
  Throw: Dart              |       |     5 ||     5
    Use: Potion            |       |     1 ||     1
 Armour: Robe              |     5 |       ||     5
         Scale mail        |    20 |    40 ||    60
         Skin              |       |     4 ||     4
  Dodge: Dodged            |    27 |    42 ||    69

Levels and vault maps discovered:
D:1:      mainiacjoe_arrival_oval_in_oval, layout_loops_cross, serial_shops,
          shop
D:2:      layout_basic, minivault_14, uniq_natasha, uniq_jessica
D:3:      kennysheep_six_static_rooms, layout_basic, uniq_terence, uniq_sigmund,
          uniq_ijyb
